[Event "Titled Tuesday Blitz September 27 Late 2022"]
[White "Jorajuria Mendoza, Algol"]
[Black "Adewumi, Tanitoluwa"]
[WhiteFideId "5128897"]
[BlackFideId "30966396"]
[WhiteElo "1600"]
[BlackElo "2565"]
[Result "0-1"]
[Round "08"]
[TimeControl "180+1"]
[Date "2022.09.28"]
[WhiteClock "0:00:38"]
[BlackClock "0:00:07"]

1. e4 c5 2. Nf3 e6 3. Nc3 Nc6 4. Bb5 Nd4 5. O-O Nxb5 6. Nxb5 a6 7. Nc3 b5 8. d4 b4 9. Na4 Bb7 10. Re1 cxd4 11. Qxd4 Bc6 12. Nb6 Rb8 13. Nc4 d5 14. Bf4 dxc4 15. Bxb8 Qxb8 16. Ne5 Bb5 17. Rad1 Nf6 18. Nxc4 Be7 19. Nd6+ Bxd6 20. Qxd6 Qxd6 21. Rxd6 Ke7 22. e5 Nd5 23. a4 bxa3 24. bxa3 Rc8 25. Rc1 h6 26. g3 Nc3 27. Kg2 f6 28. f4 f5 29. Rd2 Ne4 30. Rd4 Rc3 31. a4 Bc6 32. Kg1 g5 33. Rd3 Rc5 34. c4 gxf4 35. gxf4 Bxa4 36. Ra1 Bc6 37. Rxa6 Rxc4 38. Ra7+ Ke8 39. h4 Rc1+ 40. Kh2 Rc2+ 41. Kg1 Bd5 42. Rda3 Rc1+ 43. Kh2 Rc8 44. Rh7 Kd8 45. Rh8+ Kc7 46. Rxc8+ Kxc8 47. Kh3 h5 48. Rd3 Kd7 49. Ra3 Kc6 50. Ra7 Nf2+ 51. Kg3 Nh1+ 52. Kh2 Bf3 53. Rg7 Kd5 54. Rg1 Ke4 55. Rg6 Kxf4 56. Rxe6 Nf2 57. Re8 Ng4+ 58. Kh3 Nxe5 59. Ra8 Bg4+ 60. Kg2 Bf3+ 61. Kf2 Bxa8 0-1


[Site "https://www.chess.com"]

[Event "Titled Tuesday Blitz September 27 Late 2022"]
[White "Kalogeris, Ioannis"]
[Black "Sernecki, Franciszek"]
[WhiteFideId "4239563"]
[BlackFideId "1169297"]
[WhiteElo "2291"]
[BlackElo "2168"]
[Result "0-1"]
[Round "08"]
[TimeControl "180+1"]
[Date "2022.09.28"]
[WhiteClock "0:00:09"]
[BlackClock "0:00:15"]

1. e4 e6 2. d4 d5 3. Nc3 Bb4 4. e5 Ne7 5. a3 Bxc3+ 6. bxc3 c5 7. h4 h5 8. Bg5 Qa5 9. Qd2 Nf5 10. Nf3 cxd4 11. cxd4 Qxd2+ 12. Bxd2 b6 13. Bb5+ Bd7 14. Bd3 Nc6 15. Bc3 Ke7 16. O-O-O Rhc8 17. Kd2 Na5 18. Bb4+ Ke8 19. Bxa5 bxa5 20. Rb1 Rc7 21. Rb2 Rac8 22. Rhb1 Ba4 23. Rb7 Kd7 24. c3 Rxb7 25. Rxb7+ Rc7 26. Rxc7+ Kxc7 27. Bxf5 exf5 28. Ng5 Be8 29. Ke3 Kd7 30. Kf4 f6 31. exf6 gxf6 32. Nf3 Ke6 33. Nd2 Ba4 34. Nf1 Be8 35. Ne3 Bg6 36. f3 Bh7 37. g3 Bg6 38. Ng2 Be8 39. Ke3 Kd6 40. Kf4 Ke6 41. Ne3 Bg6 42. Nd1 Be8 43. Nf2 Bd7 44. Ke3 Be8 45. Nd3 Bf7 46. Kf4 Bg6 47. Nc5+ Kd6 48. a4 Bh7 49. Nb7+ Kc6 50. Nxa5+ Kd6 51. Nb7+ Kc7 52. Nc5 Kd6 53. a5 Bg6 54. Nd3 Bh7 55. Nb4 Bg6 56. g4 fxg4 57. fxg4 Ke6 0-1


[Site "https://www.chess.com"]

[Event "Titled Tuesday Blitz September 27 Late 2022"]
[White "Kavutskiy, Konstantin"]
[Black "Lin, Dachey"]
[WhiteFideId "2026384"]
[BlackFideId "2029650"]
[WhiteElo "2338"]
[BlackElo "2313"]
[Result "0-1"]
[Round "08"]
[TimeControl "180+1"]
[Date "2022.09.28"]
[WhiteClock "0:00:02"]
[BlackClock "0:00:12"]

1. d4 g6 2. e4 Bg7 3. c4 c6 4. Nc3 d6 5. Nf3 Nf6 6. Be2 O-O 7. O-O a6 8. Re1 b5 9. a3 Nbd7 10. Be3 Bb7 11. Qd2 Ng4 12. Bg5 h6 13. Bh4 Re8 14. h3 Ngf6 15. e5 dxe5 16. dxe5 Nxe5 17. Qxd8 Nxf3+ 18. Bxf3 Raxd8 19. cxb5 axb5 20. Nxb5 Rd7 21. Nc3 Nd5 22. Na4 Ba8 23. Rad1 Ra7 24. b3 e6 25. Bg3 Bf8 26. Ra1 Bb7 27. Bd1 Rea8 28. Bc2 c5 29. Be4 Bc6 30. Red1 Rb7 31. Rac1 Rxb3 32. Nxc5 Rc3 33. Rxc3 Nxc3 34. Bxc6 Rc8 35. Rd3 Ne2+ 36. Kf1 Nxg3+ 37. Rxg3 Rxc6 38. Ne4 Rc1+ 39. Ke2 Ra1 40. Nf6+ Kg7 41. Nh5+ Kh8 42. Nf6 Bxa3 43. Rd3 Ra2+ 44. Kf3 Bc5 45. Ne4 Ba7 46. Rd7 Kg8 47. Kg3 Bb8+ 48. Kg4 f5+ 49. Kh4 fxe4 50. Rd8+ Kf7 51. Rxb8 Rxf2 52. Kg3 Rf5 53. Rb4 Rg5+ 54. Kf2 e3+ 55. Kxe3 Rxg2 56. h4 h5 57. Kf3 Rg4 58. Rb7+ Kf6 0-1


[Site "https://www.chess.com"]

[Event "Titled Tuesday Blitz September 27 Late 2022"]
[White "Kobla, Vishal"]
[Black "Petrova, Irina"]
[WhiteFideId "2078457"]
[BlackFideId "14124122"]
[WhiteElo "1972"]
[BlackElo "2021"]
[Result "1/2-1/2"]
[Round "08"]
[TimeControl "180+1"]
[Date "2022.09.28"]
[WhiteClock "0:00:03"]
[BlackClock "0:00:03"]

1. e4 c5 2. Nf3 Nc6 3. d4 cxd4 4. Nxd4 Nf6 5. Nc3 e5 6. Ndb5 d6 7. Bg5 a6 8. Na3 b5 9. Nd5 Be7 10. Bxf6 Bxf6 11. c3 O-O 12. Nc2 Bg5 13. a4 bxa4 14. Rxa4 a5 15. Bc4 Rb8 16. b3 Kh8 17. O-O f5 18. exf5 Bxf5 19. Nce3 Bg6 20. Qe2 e4 21. Rfa1 Qe8 22. Nc7 Qd7 23. Ne6 Bh4 24. Nxf8 Rxf8 25. Rf1 Bd8 26. Bd5 Qe8 27. Qb5 Nd4 28. Qxe8 Ne2+ 29. Kh1 Bxe8 30. Rxe4 Nxc3 31. Re6 Bb6 32. Bf3 Bc5 33. Rc1 Na2 34. Ra1 Bf7 35. Re7 Bxb3 36. Bd5 a4 37. h4 Nc3 38. Bxb3 axb3 39. Nc4 h6 40. Rb7 Rxf2 41. Rxb3 Ne4 42. Ne3 Ng3+ 43. Kh2 Bxe3 44. Rxe3 Nf1+ 45. Kg1 Nxe3 46. Kxf2 Nf5 47. Kf3 Nxh4+ 48. Kg3 Nf5+ 49. Kf4 g6 50. g4 Ng7 51. Ke4 Kh7 52. Ra7 Kg8 53. Kd5 Ne8 54. Ra8 Kf7 55. Ra7+ Kf6 56. Rh7 Kg5 57. Re7 Nf6+ 58. Kxd6 Nxg4 59. Ke6 h5 60. Kd5 h4 61. Ke4 Nf6+ 62. Kf3 Kf5 63. Rg7 g5 64. Rf7 Kg6 65. Ra7 Kf5 66. Ra5+ Kg6 67. Rb5 Kh5 68. Rf5 Nh7 69. Ra5 Nf8 70. Kg2 Ng6 71. Ra6 Nf4+ 72. Kf3 Ng6 73. Ra8 g4+ 74. Kg2 g3 75. Ra5+ Kh6 76. Ra4 Kg5 77. Ra5+ Kg4 78. Ra4+ Nf4+ 79. Kg1 h3 80. Rb4 h2+ 81. Kh1 Kh3 82. Rb3 Ne6 83. Rxg3+ Kxg3 1/2-1/2


[Site "https://www.chess.com"]

[Event "Titled Tuesday Blitz September 27 Late 2022"]
[White "Korchmar, Vasiliy"]
[Black "So, Wesley"]
[WhiteFideId "24131750"]
[BlackFideId "5202213"]
[WhiteElo "2370"]
[BlackElo "2763"]
[Result "0-1"]
[Round "08"]
[TimeControl "180+1"]
[Date "2022.09.27"]
[WhiteClock "0:00:01"]
[BlackClock "0:01:25"]

1. e4 c5 2. Nf3 d6 3. d4 cxd4 4. Nxd4 Nf6 5. Nc3 a6 6. f3 e5 7. Nb3 Be6 8. Be3 h5 9. Be2 Nc6 10. Nd5 Bxd5 11. exd5 Ne7 12. c4 g6 13. O-O Nf5 14. Bg5 Be7 15. Bd3 Qb6+ 16. Kh1 Ne3 17. Bxe3 Qxe3 18. Re1 Qg5 19. c5 h4 20. Na5 Nh5 21. cxd6 Bxd6 22. Nxb7 Bb8 23. Qa4+ Kf8 24. b4 Ng3+ 25. Kg1 Qf4 26. Qc2 Ba7+ 0-1


[Site "https://www.chess.com"]

[Event "Titled Tuesday Blitz September 27 Late 2022"]
[White "Kostiukov, Alexandr"]
[Black "Rose, Felix"]
[WhiteFideId "14108100"]
[BlackFideId "5105722"]
[WhiteElo "2202"]
[BlackElo "2039"]
[Result "1-0"]
[Round "08"]
[TimeControl "180+1"]
[Date "2022.09.28"]
[WhiteClock "0:00:10"]
[BlackClock "0:00:02"]

1. g3 d5 2. Bg2 c6 3. d3 Bg4 4. h3 Bh5 5. g4 Bg6 6. f4 e6 7. Nf3 h5 8. e3 hxg4 9. hxg4 Rxh1+ 10. Bxh1 Nf6 11. g5 Nfd7 12. Qe2 Qb6 13. Nc3 Na6 14. a3 O-O-O 15. Bg2 Bd6 16. b4 Nc7 17. d4 a5 18. Na4 Qb5 19. Qxb5 cxb5 20. Nc5 Bxc5 21. dxc5 Bxc2 22. Bb2 g6 23. Nd4 Bd3 24. c6 Nb6 25. bxa5 Nc4 26. Bc3 Nxe3 27. Bf3 Nc2+ 28. Nxc2 Bxc2 29. Bf6 Re8 30. Rc1 Bb3 31. Be5 Bc4 32. cxb7+ Kxb7 33. a4 Ra8 34. axb5 Nxb5 35. Rxc4 Rxa5 36. Rb4 Kc6 37. Bd1 Kc5 38. Rb2 d4 39. Be2 Nc3 40. Kd2 Kd5 41. Bd3 Ne4+ 42. Bxe4+ Kxe4 43. Rb4 Rd5 44. Rc4 Rd7 45. Rc7 Rxc7 46. Bxc7 Kf5 47. Be5 Ke4 48. Bd6 Kd5 49. Bb8 Ke4 50. Be5 d3 51. Bc7 Kd4 52. Bb8 Ke4 53. Be5 1-0


[Site "https://www.chess.com"]

[Event "Titled Tuesday Blitz September 27 Late 2022"]
[White "Kravtsiv, Martyn"]
[Black "Rastbod, Ali"]
[WhiteFideId "14113147"]
[BlackFideId "12567477"]
[WhiteElo "2694"]
[BlackElo "2191"]
[Result "1-0"]
[Round "08"]
[TimeControl "180+1"]
[Date "2022.09.27"]
[WhiteClock "0:02:16"]
[BlackClock "0:01:49"]

1. e4 c6 2. Nf3 d5 3. d3 Bg4 4. h3 Bxf3 5. Qxf3 e6 6. g3 Nf6 7. Bg2 Be7 8. O-O O-O 9. Nc3 Nbd7 10. Qe2 b5 11. f4 b4 12. Nd1 dxe4 13. dxe4 e5 14. Ne3 Bc5 15. Kh2 exf4 16. gxf4 Bxe3 17. Bxe3 Re8 18. e5 Nd5 19. Rad1 Qa5 20. Rg1 Qxa2 21. Bxd5 cxd5 22. Qg4 g6 23. Qxd7 Qxb2 24. Rg2 Red8 25. Qe7 d4 26. e6 1-0


[Site "https://www.chess.com"]

[Event "Titled Tuesday Blitz September 27 Late 2022"]
[White "Lazavik, Denis"]
[Black "Matinian, Nikita"]
[WhiteFideId "13515110"]
[BlackFideId "24129100"]
[WhiteElo "2437"]
[BlackElo "2422"]
[Result "1/2-1/2"]
[Round "08"]
[TimeControl "180+1"]
[Date "2022.09.27"]
[WhiteClock "0:00:09"]
[BlackClock "0:00:09"]

1. d4 Nf6 2. c4 g6 3. g3 Bg7 4. Bg2 O-O 5. Nc3 d6 6. Nf3 Bf5 7. Nh4 Bc8 8. O-O Nc6 9. Nf3 e5 10. d5 Nb8 11. e4 a5 12. Re1 Na6 13. b3 Nc5 14. Rb1 Bd7 15. a3 Ne8 16. b4 axb4 17. axb4 Na4 18. Nxa4 Bxa4 19. Qd3 Bd7 20. c5 f5 21. Ng5 Nf6 22. Bd2 Qe7 23. Qc4 Nxe4 24. Nxe4 fxe4 25. Bxe4 Bf5 26. Ra1 Bxe4 27. Rxa8 Rxa8 28. cxd6 Qxd6 29. Qxe4 Rd8 30. Bg5 Rd7 31. Rc1 Qxd5 32. Qxd5+ Rxd5 33. Rxc7 Rb5 34. Be7 e4 35. Rc4 Re5 36. Bd6 Re6 37. Rc8+ Kf7 38. Rc7+ Kg8 39. Bc5 b6 40. Be3 Bf8 41. Rc4 b5 42. Rc8 Kf7 43. Rc7+ Re7 44. Rc2 Rd7 45. Rb2 Ke6 46. Kg2 Rd3 47. Bc5 Bg7 48. Ra2 Bd4 49. Ra6+ Ke5 50. Rb6 Rd2 51. Bxd4+ Kxd4 52. Rxb5 e3 53. Rb8 Rxf2+ 54. Kg1 Rb2 55. Rd8+ Ke4 56. Re8+ Kf3 57. Rf8+ Ke2 58. Rb8 Kd1 59. Rd8+ Rd2 60. Ra8 e2 61. Ra1+ Kc2 62. Kf2 Kd3 63. Ra3+ Kc4 64. Re3 e1=Q+ 65. Kxe1 Rxh2 66. Re4+ Kb5 67. Kf1 Rb2 68. Re7 h5 69. Re6 Rxb4 70. Rxg6 Kc5 71. Rg5+ Kd6 72. Rxh5 Ke6 73. Kg2 Kf6 74. Kh3 Kg6 75. Ra5 Kg7 76. Ra6 Kg8 77. g4 Rb8 78. Kh4 Rc8 79. g5 Rb8 80. Kh5 Rc8 81. Rf6 Rb8 82. Kh6 Rb7 83. Ra6 Rb8 84. Ra7 Rc8 85. Rg7+ Kh8 86. Rh7+ Kg8 87. Ra7 Rb8 88. g6 Rc8 89. Rb7 Rd8 90. Rc7 Ra8 91. Rg7+ Kh8 92. Rh7+ Kg8 93. Rg7+ Kh8 94. Rh7+ Kg8 95. Rg7+ 1/2-1/2


[Site "https://www.chess.com"]

[Event "Titled Tuesday Blitz September 27 Late 2022"]
[White "Leitao, Rafael"]
[Black "Vasquez Schroeder, Rodrigo"]
[WhiteFideId "2101246"]
[BlackFideId "3400042"]
[WhiteElo "2609"]
[BlackElo "2577"]
[Result "0-1"]
[Round "08"]
[TimeControl "180+1"]
[Date "2022.09.27"]
[WhiteClock "0:00:05"]
[BlackClock "0:00:24"]

1. c4 c5 2. Nf3 Nf6 3. e3 g6 4. Nc3 Bg7 5. d4 O-O 6. d5 d6 7. Be2 e6 8. O-O exd5 9. cxd5 a6 10. a4 Bg4 11. Nd2 Bxe2 12. Qxe2 Nbd7 13. e4 Re8 14. Nc4 Nb6 15. Nxb6 Qxb6 16. a5 Qc7 17. Rd1 Nxe4 18. Nxe4 f5 19. Ra4 Qd7 20. Qc2 Rxe4 21. Rxe4 fxe4 22. Re1 Re8 23. Rxe4 Be5 24. g3 Qf7 25. Qe2 Qxd5 26. Bf4 Re7 27. h4 h5 28. Re3 Kf7 29. Re4 Bf6 30. Rxe7+ Bxe7 31. Qe3 Bf6 32. b3 Bd4 33. Qd2 Qe6 34. Kh2 Ke7 35. Bg5+ Kd7 36. Qd3 Bxf2 37. Qf3 Qf5 38. Qxb7+ Ke6 39. Qxa6 Qf3 40. Qc8+ Ke5 41. Bf4+ Kd4 42. Qe6 d5 43. Qe5+ Kd3 44. a6 c4 45. a7 Bxa7 0-1


[Site "https://www.chess.com"]

[Event "Titled Tuesday Blitz September 27 Late 2022"]
[White "Leiva, Gianmarco"]
[Black "Abdyzhapar, Asylbek"]
[WhiteFideId "3804399"]
[BlackFideId "13800337"]
[WhiteElo "2323"]
[BlackElo "2323"]
[Result "0-1"]
[Round "08"]
[TimeControl "180+1"]
[Date "2022.09.28"]
[WhiteClock "0:00:10"]
[BlackClock "0:01:28"]

1. e4 d6 2. d4 Nf6 3. Nc3 g6 4. Nf3 Bg7 5. h3 O-O 6. a4 a5 7. Bc4 c6 8. O-O Nxe4 9. Nxe4 d5 10. Bd3 dxe4 11. Bxe4 Nd7 12. c3 Nf6 13. Bc2 Be6 14. Re1 h6 15. Bxg6 Bd5 16. Bc2 Qc7 17. Ne5 Rfd8 18. Bf4 Qb6 19. Qd2 c5 20. Bxh6 Ne4 21. Bxe4 Bxh6 22. Qc2 cxd4 23. Bxd5 Rxd5 24. Nc4 Qc5 25. cxd4 Rxd4 26. b3 Rd2 27. Qxd2 Bxd2 28. Nxd2 Rd8 29. Nc4 Rd3 30. Rab1 f6 31. Re6 Kf7 32. Rb6 Rc3 33. Rxb7 Rc2 34. Rf1 Kg6 35. Rb5 Qd4 36. Nxa5 e5 37. Nc4 Ra2 38. Ne3 f5 39. Nc4 e4 40. g3 Rc2 41. Ne3 Rc5 42. Rb6+ Kg7 43. Rd6 Qxd6 44. b4 Re5 45. Nc4 Qd5 46. Nxe5 Qxe5 47. Rc1 e3 48. Re1 exf2+ 49. Kxf2 Qd4+ 50. Kf3 Qxb4 51. Re5 Kf6 52. Re3 Qxa4 53. h4 Qg4+ 54. Kf2 Qd4 55. Ke2 Qd5 56. Rf3 Kg6 57. Rf4 Qg2+ 0-1


[Site "https://www.chess.com"]

[Event "Titled Tuesday Blitz September 27 Late 2022"]
[White "Lewtak, Damian"]
[Black "Babazada, Khazar"]
[WhiteFideId "1141724"]
[BlackFideId "13413554"]
[WhiteElo "2329"]
[BlackElo "2409"]
[Result "0-1"]
[Round "08"]
[TimeControl "180+1"]
[Date "2022.09.27"]
[WhiteClock "0:00:16"]
[BlackClock "0:00:06"]

1. e4 c5 2. Nf3 d6 3. Bb5+ Nd7 4. O-O a6 5. Bd3 g6 6. a4 Bg7 7. Re1 Ngf6 8. c3 O-O 9. h3 Rb8 10. Bf1 b5 11. axb5 axb5 12. d4 c4 13. b3 cxb3 14. Qxb3 e5 15. Ba3 b4 16. Bxb4 exd4 17. Nxd4 Nc5 18. Qc4 Bb7 19. e5 Bd5 20. Qe2 Re8 21. Qd1 Nfe4 22. f3 Ng3 23. exd6 Rxe1 24. Qxe1 Rxb4 25. cxb4 Bxd4+ 26. Kh2 Nxf1+ 27. Qxf1 Bxa1 28. bxc5 Be5+ 29. f4 Qf6 30. g3 Bd4 31. Qd3 Bc6 32. Qa6 Be4 33. Qc8+ Kg7 34. d7 Bg1+ 35. Kxg1 Qd4+ 36. Kf1 Qd3+ 37. Kf2 Qf3+ 38. Ke1 Qxg3+ 39. Ke2 Qf3+ 40. Ke1 Qe3+ 41. Kd1 Qd3+ 42. Ke1 Qxb1+ 43. Ke2 Qd3+ 44. Kf2 Qd2+ 45. Kf1 Bd3+ 46. Kg1 Qe1+ 47. Kg2 Be4+ 48. Kh2 Qf2# 0-1


[Site "https://www.chess.com"]

[Event "Titled Tuesday Blitz September 27 Late 2022"]
[White "Machidon, Cristi"]
[Black "Sadilek, Peter"]
[WhiteFideId "13904590"]
[BlackFideId "1616439"]
[WhiteElo "2312"]
[BlackElo "2145"]
[Result "1-0"]
[Round "08"]
[TimeControl "180+1"]
[Date "2022.09.28"]
[WhiteClock "0:00:09"]
[BlackClock "0:00:01"]

1. d4 Nf6 2. c4 e6 3. Nc3 Bb4 4. e3 O-O 5. Bd3 d5 6. cxd5 exd5 7. Ne2 Re8 8. Qc2 Na6 9. a3 Bd6 10. b4 c6 11. b5 Nc7 12. bxc6 bxc6 13. Na4 Ne4 14. Rb1 Bd7 15. Bxe4 Rxe4 16. Nc5 Bxc5 17. Qxc5 Ne6 18. Qd6 Rg4 19. Ng3 Rg6 20. Rb7 Be8 21. Qxd8 Rxd8 22. Rxa7 Rb8 23. O-O Ng5 24. Nf5 Kf8 25. Bd2 Re6 26. Bb4+ Rxb4 27. axb4 g6 28. Ng3 Kg7 29. Rc1 h5 30. h4 Nh7 31. Ne2 Nf6 32. Nf4 Re4 33. Rc3 Bd7 34. f3 Re8 35. Kf2 Bf5 36. Rxc6 Rb8 37. Rd6 Rxb4 38. Nxd5 Rb2+ 39. Kg3 Nxd5 40. Rxd5 Bd3 41. Rda5 Bf1 42. Ra2 Rb3 43. e4 Bd3 44. d5 Bc4 45. R2a3 Rb6 46. Kf4 Rf6+ 47. Ke5 Rb6 48. Rc7 Rb5 49. Raa7 1-0


[Site "https://www.chess.com"]

[Event "Titled Tuesday Blitz September 27 Late 2022"]
[White "Melkumyan, Hrant"]
[Black "Timmermans, Mark"]
[WhiteFideId "13302485"]
[BlackFideId "1026399"]
[WhiteElo "2604"]
[BlackElo "2460"]
[Result "1-0"]
[Round "08"]
[TimeControl "180+1"]
[Date "2022.09.27"]
[WhiteClock "0:00:05"]
[BlackClock "0:00:07"]

1. Nf3 Nf6 2. c4 e6 3. Nc3 d5 4. e3 Be7 5. b3 O-O 6. Bb2 b6 7. g3 Bb7 8. Bg2 Nbd7 9. O-O dxc4 10. bxc4 c5 11. Qe2 Rc8 12. a4 a5 13. Rab1 Nb8 14. Rfd1 Na6 15. d4 cxd4 16. exd4 Bb4 17. Nb5 Be4 18. Rbc1 Qe7 19. Bh3 Rfd8 20. Ng5 Ba8 21. d5 Nc5 22. Bg2 h6 23. d6 Qf8 24. Bxf6 gxf6 25. Ne4 Bxe4 26. Bxe4 Nxe4 27. Qxe4 Bxd6 28. Qg4+ Kh7 29. Qh5 Be5 30. Rb1 f5 31. Na7 Rxd1+ 32. Rxd1 Rxc4 33. Nb5 Bg7 34. Rd7 Kg8 35. Nd6 Rc1+ 36. Kg2 Qa8+ 37. Kh3 Qf8 38. Nxf7 Rc8 39. Qg6 Re8 40. Nxh6+ Kh8 41. Nf7+ Kg8 42. Ng5 Qf6 43. Qxe8+ Bf8 44. Qxe6+ 1-0


[Site "https://www.chess.com"]

[Event "Titled Tuesday Blitz September 27 Late 2022"]
[White "Nakamura, Hikaru"]
[Black "Bortnyk, Mykola"]
[WhiteFideId "2016192"]
[BlackFideId "14120836"]
[WhiteElo "2850"]
[BlackElo "2582"]
[Result "1-0"]
[Round "08"]
[TimeControl "180+1"]
[Date "2022.09.27"]
[WhiteClock "0:01:18"]
[BlackClock "0:00:40"]

1. Nf3 Nf6 2. g3 d5 3. Bg2 g6 4. d3 Bg7 5. Bd2 O-O 6. Qc1 Re8 7. Bh6 Bh8 8. c4 c6 9. O-O e5 10. Bg5 Qd6 11. cxd5 cxd5 12. Nc3 Bd7 13. Nd2 Bc6 14. e4 d4 15. Nc4 Qe6 16. Ne2 Nbd7 17. f4 Bb5 18. b3 Rac8 19. Qd2 Bxc4 20. bxc4 Ng4 21. f5 Qc6 22. Bh3 Ne3 23. fxg6 hxg6 24. Bxe3 dxe3 25. Qxe3 Qc5 26. Qxc5 Nxc5 27. Bxc8 Rxc8 28. Rad1 Rd8 29. Nc3 Rxd3 30. Rxd3 Nxd3 31. Rd1 Nc5 32. Rd8+ Kg7 33. Rc8 b6 34. Kf2 Kh7 35. Rc7 Kg8 36. Rxa7 f5 37. Kf3 Bf6 38. g4 fxg4+ 39. Kxg4 Kf8 40. Kf3 Bh4 41. Nd5 Ne6 42. Nxb6 Nd4+ 43. Kg4 Bf2 44. Nd7+ Ke7 45. Nxe5+ Ke6 46. Nxg6 1-0


[Site "https://www.chess.com"]

[Event "Titled Tuesday Blitz September 27 Late 2022"]
[White "Naroditsky, Daniel"]
[Black "Svane, Rasmus"]
[WhiteFideId "2026961"]
[BlackFideId "4657101"]
[WhiteElo "2628"]
[BlackElo "2674"]
[Result "1-0"]
[Round "08"]
[TimeControl "180+1"]
[Date "2022.09.27"]
[WhiteClock "0:00:06"]
[BlackClock "0:00:04"]

1. e4 e5 2. Nf3 Nc6 3. Bb5 a6 4. Ba4 Nf6 5. O-O Be7 6. Re1 b5 7. Bb3 O-O 8. a4 Bb7 9. d3 d6 10. Nc3 Na5 11. Ba2 b4 12. Ne2 c5 13. Ng3 Bc8 14. c3 Rb8 15. h3 b3 16. Bb1 Qc7 17. Nh4 g6 18. Bh6 Re8 19. Qf3 Qd8 20. Ngf5 Bf8 21. Bxf8 Rxf8 22. Ne3 Be6 23. Rd1 Nc6 24. Qe2 Nh5 25. Nf3 Qf6 26. Nd2 Qg5 27. Kh2 f5 28. Nec4 Nf4 29. Qf1 Qe7 30. a5 Kh8 31. Ra3 Bxc4 32. Nxc4 Ne6 33. Nb6 Nc7 34. Nc4 f4 35. Nd2 Nb5 36. Ra4 Nc7 37. Ra3 Qf7 38. Qe2 g5 39. Qg4 Ne6 40. Rxb3 Rxb3 41. Nxb3 Rb8 42. Ba2 Qf6 43. Nd2 Ncd8 44. Nc4 Qe7 45. Nb6 Rb7 46. Qf5 Kg7 47. Bd5 Rb8 48. Bc4 Qf7 49. Qxf7+ Kxf7 50. Bxa6 Nc6 51. Bc4 Nxa5 52. Ra1 Rxb6 53. Rxa5 Rxb2 54. Ra6 Ke7 55. Ra7+ Kf6 56. Rd7 Nf8 57. Rf7+ Kg6 58. Rxf8 Rxf2 59. Kg1 Rc2 60. Rd8 Kh5 61. Rxd6 Kh4 62. Kh2 f3 63. Rh6# 1-0


[Site "https://www.chess.com"]

[Event "Titled Tuesday Blitz September 27 Late 2022"]
[White "Ozalp, Burak"]
[Black "Tarnowska, Aleksandra"]
[WhiteFideId "6314210"]
[BlackFideId "1180967"]
[WhiteElo "1854"]
[BlackElo "1700"]
[Result "1-0"]
[Round "08"]
[TimeControl "180+1"]
[Date "2022.09.28"]
[WhiteClock "0:00:15"]
[BlackClock "0:00:06"]

1. Nf3 d5 2. c4 c6 3. e3 Nf6 4. b3 g6 5. Bb2 Bg7 6. Be2 O-O 7. O-O Bf5 8. d3 dxc4 9. bxc4 Qb6 10. Qb3 Nbd7 11. Rd1 Rfd8 12. Nd4 Nc5 13. Qc2 Rac8 14. Nxf5 gxf5 15. Nd2 Ncd7 16. Nb3 c5 17. h3 Qe6 18. Bf3 b6 19. Rac1 Ne5 20. Be2 Ng6 21. Nd2 f4 22. e4 Nh4 23. Nf3 Nxf3+ 24. Bxf3 Ne8 25. Bxg7 Nxg7 26. Re1 Rd4 27. e5 Nf5 28. Bd5 Qg6 29. e6 f6 30. Qe2 Nh4 31. Qg4 Qxg4 32. hxg4 Rxd3 33. Rcd1 Rxd1 34. Rxd1 Rd8 35. Rb1 Ng6 36. Rb3 Ne5 37. f3 Rc8 38. Ra3 Nc6 39. Kf2 Kg7 40. g3 fxg3+ 41. Kxg3 Kg6 42. Kf4 h6 43. Rc3 Kg7 44. Rc2 Kg6 45. Rh2 Nd4 46. Be4+ Kg7 47. Bd5 Rd8 48. a4 Rd6 49. Rd2 Nxe6+ 50. Bxe6 Rxd2 51. Bd5 Ra2 52. Bc6 Rb2 53. Bb5 Rb4 54. Ke4 Rb2 55. Kd5 Rh2 56. Kc6 Rh3 57. Kb7 Rxf3 58. Kxa7 h5 59. gxh5 f5 60. Kxb6 Ra3 61. Kxc5 f4 62. Kb4 Ra1 63. Bc6 Rb1+ 64. Kc3 e5 65. a5 Ra1 66. Kb4 Rb1+ 67. Kc5 Rd1 68. a6 Rd3 69. a7 Ra3 70. a8=Q Rxa8 71. Bxa8 Kh6 72. Kd6 Kxh5 73. Kxe5 Kg4 74. c5 Kg3 75. Be4 Kg4 76. c6 f3 77. Bxf3+ Kxf3 78. c7 Kf2 79. c8=Q Ke3 80. Qc3+ Kf2 81. Ke4 Kg1 82. Qd2 Kh1 83. Kf3 1-0


[Site "https://www.chess.com"]

[Event "Titled Tuesday Blitz September 27 Late 2022"]
[White "Pakleza, Zbigniew"]
[Black "Aggelis, Nikolaos"]
[WhiteFideId "1119290"]
[BlackFideId "4213220"]
[WhiteElo "2411"]
[BlackElo "2154"]
[Result "1/2-1/2"]
[Round "08"]
[TimeControl "180+1"]
[Date "2022.09.28"]
[WhiteClock "0:00:05"]
[BlackClock "0:00:16"]

1. d4 d5 2. Bf4 c5 3. e3 Nc6 4. c3 Qb6 5. Qb3 c4 6. Qc2 Bf5 7. Qxf5 Qxb2 8. Qxd5 Qxa1 9. Qb5 O-O-O 10. Bxc4 e5 11. Bxe5 Nxe5 12. dxe5 Ba3 13. Nf3 Qb2 14. Qxb2 Bxb2 15. Bxf7 Ne7 16. Ke2 Nd5 17. Rd1 Nb6 18. Nd4 Na4 19. Bb3 Nc5 20. Rd2 Ba1 21. f4 Kb8 22. f5 Ne4 23. Rd3 Rc8 24. c4 Nc5 25. Rd1 Rhe8 26. e6 Bxd4 27. exd4 Nxe6 28. fxe6 Rxe6+ 29. Kd3 Rh6 30. h3 Rg6 31. g4 h5 32. Rg1 hxg4 33. Rxg4 Rh6 34. h4 Rch8 35. Rxg7 Rxh4 36. c5 Rd8 37. d5 Rh3+ 38. Kc4 Rh4+ 39. Kc3 Rh3+ 40. Kb2 Rd3 41. d6 b6 42. cxb6 axb6 43. d7 R3xd7 44. Rxd7 Rxd7 45. Nc3 Rd4 46. Nb5 Rb4 47. Nd6 Kc7 48. Nc4 Rb5 49. Kc3 Rg5 50. Kb4 Rg4 51. a4 Rg5 52. Na3 Rg4+ 53. Bc4 Rg5 54. Nb5+ Kb7 55. Nd6+ Ka7 56. Kb3 Rg3+ 57. Kb4 Rg5 58. Bb3 Rg4+ 59. Kc3 Rg5 60. Kd4 Rc5 61. Bd5 Rc1 62. Bc4 Rd1+ 63. Ke5 Rd2 64. Bd5 Ka6 65. Bc4+ Ka5 66. Bb5 Ra2 67. Nb7+ Kb4 68. Kd6 Rxa4 69. Bxa4 Kxa4 70. Kc6 b5 71. Nc5+ Ka3 72. Kxb5 1/2-1/2


[Site "https://www.chess.com"]

[Event "Titled Tuesday Blitz September 27 Late 2022"]
[White "Petrosyan, Manuel"]
[Black "Storey, Charles H"]
[WhiteFideId "13300857"]
[BlackFideId "406686"]
[WhiteElo "2592"]
[BlackElo "2188"]
[Result "1-0"]
[Round "08"]
[TimeControl "180+1"]
[Date "2022.09.28"]
[WhiteClock "0:00:05"]
[BlackClock "0:00:01"]

1. c4 g6 2. Nc3 Bg7 3. e4 c5 4. Nf3 Nc6 5. g3 e6 6. Bg2 Nge7 7. O-O O-O 8. d3 d5 9. exd5 exd5 10. Bf4 dxc4 11. dxc4 Bxc3 12. bxc3 Qxd1 13. Rfxd1 Be6 14. Bd6 Bxc4 15. Bxc5 Rfd8 16. Nd4 Nxd4 17. Bxe7 Ne2+ 18. Kh1 Rxd1+ 19. Rxd1 Nxc3 20. Rc1 Nd5 21. Rxc4 Nxe7 22. Rc7 Nf5 23. Rxb7 Rd8 24. Bc6 Rd2 25. Kg1 Rxa2 26. Bd5 Ra1+ 27. Kg2 Nd6 28. Rd7 Ra6 29. Rc7 Ra5 30. Bb3 Rb5 31. Ba2 Rb7 32. Rc6 Nb5 33. Bd5 Rd7 34. Be4 Nd6 35. Bc2 Nb5 36. Ra6 Rc7 37. Bd3 Nd4 38. h4 Ne6 39. Be2 Nc5 40. Ra5 Ne6 41. Bg4 Nd4 42. Ra4 Nb3 43. Rb4 Nc5 44. Rc4 a5 45. Be2 Kf8 46. Rc1 Ke7 47. Ra1 Ra7 48. Kf3 a4 49. Ke3 a3 50. Bc4 Kd6 51. Kd4 Ne6+ 52. Kc3 Kc5 53. Ba2 Nd4 54. Rd1 Nb5+ 55. Kc2 Nd4+ 56. Kc3 Ne2+ 57. Kd3 Nd4 58. Ke4 Nb5 59. Rc1+ Kb4 60. Rc4+ Ka5 61. Kd5 Rd7+ 62. Ke5 Re7+ 63. Kf6 Re2 64. Bb3 Rb2 65. Ra4+ Kb6 66. Bc4 1-0


[Site "https://www.chess.com"]

[Event "Titled Tuesday Blitz September 27 Late 2022"]
[White "Popilski, Gil"]
[Black "Bryakin, Mikhail"]
[WhiteFideId "2809060"]
[BlackFideId "4165314"]
[WhiteElo "2537"]
[BlackElo "2357"]
[Result "0-1"]
[Round "08"]
[TimeControl "180+1"]
[Date "2022.09.27"]
[WhiteClock "0:00:08"]
[BlackClock "0:00:23"]

1. e4 d5 2. exd5 Qxd5 3. Nc3 Qe5+ 4. Be2 Bg4 5. d4 Bxe2 6. Ngxe2 Qa5 7. d5 c6 8. Bf4 Nf6 9. b4 Qb6 10. O-O cxd5 11. Nxd5 Nxd5 12. Qxd5 e6 13. Qc4 Nc6 14. c3 Be7 15. Rfd1 O-O 16. a4 a6 17. a5 Qa7 18. Rd7 Rfd8 19. Rad1 Rac8 20. Qe4 Qa8 21. h3 h6 22. Ng3 Rxd7 23. Rxd7 Rd8 24. Qd3 Qc8 25. Rxd8+ Qxd8 26. Qxd8+ Nxd8 27. Ne4 f5 28. Nd6 g5 29. Be5 Nc6 30. Nc8 Nxe5 31. Nxe7+ Kf7 32. Nc8 Nc4 33. Kf1 Ke8 34. Ke2 Kd7 35. Na7 Kc7 36. Kd3 Nd6 37. c4 Kb8 38. c5 Ne4 39. f3 Nf6 40. Kd4 Kxa7 41. Ke5 Nd5 42. Kxe6 Nxb4 43. Kxf5 Nc6 44. g3 Nxa5 45. f4 gxf4 46. gxf4 Nb3 47. Ke5 Nxc5 48. f5 a5 49. Kd5 Nd7 50. Kd6 Nf8 51. Ke7 Nh7 52. h4 a4 53. Kf7 a3 54. Kg7 a2 55. Kxh7 a1=Q 0-1


[Site "https://www.chess.com"]